 Dungeon Sprint DCSS version 0.15.2 (webtiles) character file.

28 thegroundistoosoft the Twirler (level 2, -2/22 HPs)
             Began as a Mummy Gladiator on Nov 12, 2014.
             Slain by a deep elf priest
             ... wielding a +0 long sword of holy wrath
              (8 damage)
             ... in the Dungeon (Sprint III: "The Ten Rune Challenge").
             The game lasted 00:01:01 (452 turns).

thegroundistoosoft the Twirler (Mummy Gladiator)     Turns: 452, Time: 00:01:01

HP  -2/22        AC  4     Str 18      XL: 2   Next: 96%
MP   2/2         EV 12     Int  7      God:
Gold 0           SH  0     Dex 12      Spells:  0 memorised,  1 level left

rFire  x . .     SeeInvis .     a - +0 quarterstaff
rCold  + . .     Clarity  .     b - +0 leather armour
rNeg   + + +     rCorr    .     (no shield)
rPois  +         rRot     +     c - +0 helmet
rElec  .         Spirit   .     (no cloak)
SustAb .         Warding  .     (no gloves)
rMut   .         NoTele   +     (no boots)
Gourm  .                        (no amulet)
MR     .....                    (no ring)
                                (no ring)

@: very slightly contaminated, not resistant to hostile enchantments, very
unstealthy
A: no food or potions, fire vulnerability, restore body, cold resistance 1,
negative energy resistance 3, poison resistance, torment resistance, unbreathing
a: no special abilities


You were in the Dungeon.
You were not hungry.

You visited 1 branch

Inventory:

Hand weapons
 a - a +0 quarterstaff (weapon)
Missiles
 d - 2 throwing nets (quivered)
Armour
 b - a +0 leather armour (worn)
 c - a +0 helmet (worn)


   Skills:
 - Level 2.1 Fighting
 + Level 4.8 Staves
 - Level 1.9 Throwing
 - Level 3.3 Dodging


You had one spell level left.
You didn't know any spells.

Dungeon Overview and Level Annotations

Branches:
Dungeon (1/1)

Altars:
Elyvilon
Zin
The Shining One

Annotations:
D Crazy Yiuf


Innate Abilities, Weirdness & Mutations

You do not eat or drink.
Your flesh is vulnerable to fire.
Your flesh is cold resistant.
You are immune to negative energy.
Your system is resistant to poisons.
You are immune to unholy pain and torment.
You can survive without breathing.


Message History

Press: ? - help, Dir - move target cursor
As you read the scroll of blinking, it crumbles to dust.
You are very lightly contaminated with residual magic.
You open the door.
A water elemental comes into view.
The water elemental closely misses you.
There is an open door to the Ecumenical Temple here.
The water elemental closely misses you. The water elemental hits you!
Ouch! That really hurt!
* * * LOW HITPOINT WARNING * * *
You open the door. The water elemental misses you.
Found a glowing silver altar of Zin.
A deep elf priest comes into view. It is wielding a glowing long sword.
The deep elf priest shouts!
The deep elf priest picks up a potion of curing.
Found two altars.
There is an open door here.
The deep elf priest hits you with a glowing long sword!
You die...

▓▓▓▓▓ ▓▓▓ #$..####
##.##### #.....§##
#..#___# #...%...#
#..#e@.# ##.##...#
#..###E#+###+# ##.###..#
+#..#..........#
###.##..# #...'.⌠........
#..##..####.g.#...######+
...##..###....#.⌠.#
%.##...##.....#...#
.##....#......#+###
###..##.#.....#


You could see a water elemental and a deep elf priest.

Vanquished Creatures
  A human (D)
  A giant mite (D)
  An ooze (D)
  2 rats (D)
5 creatures vanquished.

Vanquished Creatures (others)
  A draconian scorcher (D)
  A yaktaur (D)
2 creatures vanquished.

Grand Total: 7 creatures vanquished

Notes
Turn   | Place    | Note
--------------------------------------------------------------
     0 | D        | thegroundistoosoft, the Mummy Gladiator, began the quest for the Orb.
     0 | D        | Reached XP level 1. HP: 16/16 MP: 1/1
   131 | D        | Reached skill level 3 in Staves
   131 | D        | Reached XP level 2. HP: 19/22 MP: 2/2
   177 | D        | Killed a white draconian scorcher
   201 | D        | Reached skill level 4 in Staves
   426 | D        | Noticed Crazy Yiuf
   433 | D        | Killed a yaktaur
   446 | D        | Noticed a water elemental
   450 | D        | Found a glowing silver altar of Zin.
   451 | D        | Found a glowing golden altar of the Shining One.
   451 | D        | Found a white marble altar of Elyvilon.
   451 | D        | Noticed a deep elf priest
   452 | D        | Slain by a deep elf priest

Action                   || total
-------------------------++-------
Melee: Quarterstaff      ||    33
Throw: Throwing net      ||     1
  Use: Scroll            ||     1
